 Dungeon Sprint DCSS version 0.31.0 (webtiles) character file.

Game seed: 10894838346452637776

6136 Heoruswealwe the Ninja (level 10, -8/55 HPs)
             Began as a Spriggan Artificer on Jan 20, 2024.
             Was an Initiate of Gozag.
             Shot with an arrow by a centaur warrior (14 damage)
             ... in the Dungeon (Sprint I: "Red Sonja").
             The game lasted 00:11:55 (775 turns).

Heoruswealwe the Ninja (Spriggan Artificer)          Turns: 775, Time: 00:11:58

Health: -8/55      AC:  2    Str:  8    XL:     10   Next: 59%
Magic:  11/11      EV: 27    Int: 13    God:    Gozag
Gold:   634        SH:  0    Dex: 20    Spells: 9/9 levels left

rFire   . . .        a - +2 dagger (venom)
rCold   . . .        (no shield)
rNeg    . . .        c - +0 robe
rPois   .            (helmet restricted)
rElec   .            (no cloak)
rCorr   .            (gloves unavailable)
SInv    +            (boots unavailable)
Will    +....        (no amulet)
Stlth   ++++++++++   (no ring)
HPRegen 0.29/turn    (no ring)
MPRegen 0.12/turn

%: no teleportation
@: very quick
A: very small, no large weapons, unfitting armour, see invisible, speed 3
a: Renounce Religion, Potion Petition, Call Merchant, Bribe Branch


You were in the Dungeon.
You worshipped Gozag.
Gozag was pleased with you.
You visited 1 branch You collected 1300 gold pieces.
You spent 635 gold pieces at shops.
You donated 31 gold pieces to Zin.

Inventory:

Hand Weapons
 a - a +2 dagger of venom (weapon)
Armour
 c - a +0 robe (worn)
Wands
 b - a wand of flame (17) (quivered)
 d - a wand of charming (15)
 o - a wand of digging (4)
Scrolls
 e - a scroll of revelation
 k - a scroll of blinking
 l - a scroll of identify {unknown}
 p - a scroll of brand weapon
 r - a scroll of vulnerability {unknown}
Potions
 f - 2 potions of curing
 h - a potion of haste
 i - 2 potions of magic
 j - a potion of berserk rage
 m - a potion of enlightenment {unknown}
 n - a potion of ambrosia {unknown}
 q - a potion of attraction {unknown}


   Skills:
 + Level 7.4 Fighting
 + Level 9.6 Short Blades
 + Level 11.9 Dodging
 O Level 27 Stealth
 - Level 4.0 Evocations
 + Level 10.5 Shapeshifting


You had 9 spell levels left.
You didn't know any spells.
Your spell library was empty.

Dungeon Overview and Level Annotations

Branches:
Dungeon (1/1)

Altars:
Cheibriados
Dithmenos
Elyvilon
Fedhas
Gozag
Hepliaklqana
Kikubaaqudgha
Makhleb
Nemelex Xobeh
Okawaru
Qazlal
Ru
Sif Muna
Trog
Uskayaw
Vehumet
Wu Jian
Xom
Yredelemnul
Zin
The Shining One
Jiyva
Lugonu

Shops:
D ::*([?[


Innate Abilities, Weirdness & Mutations

You are very small and have problems with some larger weapons.
You are too small for most types of armour.
You have supernaturally acute eyesight. (SInv)
You cover ground extremely quickly. (Speed+++)


Message History

* * * LOW HITPOINT WARNING * * *
You feel much better.
The centaur warrior shoots an arrow.
The arrow completely misses you.
The centaur warrior shoots an arrow.
The arrow barely misses you.
The puff of flame hits the centaur warrior!
The centaur warrior is heavily wounded.
The centaur warrior shoots an arrow.
The arrow hits you!
You are too injured to fight recklessly!
You hit the centaur warrior.
The centaur warrior looks even sicker.
The centaur warrior is severely wounded.
The centaur warrior unwields a +0 orcbow.
The centaur warrior completely misses you.
The centaur warrior kicks you but does no damage.
You hit the centaur warrior but do no damage.
The centaur warrior looks as sick as possible!
The centaur warrior is severely wounded.
The centaur warrior unwields a +0 orcbow.
The centaur warrior closely misses you. x2; The centaur warrior hits you.
The centaur warrior misses you.
You hit the centaur warrior but do no damage.
The centaur warrior looks as sick as possible!
The centaur warrior is severely wounded.
The centaur warrior hits you but does no damage.
The centaur warrior kicks you.
* * * LOW HITPOINT WARNING * * *
The centaur warrior hits you!
* * * LOW HITPOINT WARNING * * *
The centaur warrior completely misses you.
You feel better. The centaur warrior hits you.
* * * LOW HITPOINT WARNING * * *
The centaur warrior misses you. The centaur warrior barely misses you.
The centaur warrior kicks you.
* * * LOW HITPOINT WARNING * * *
Blink to where?
Press: ? - help, Dir - move target, p - centaur warrior
As you read the scroll of blinking, it crumbles to dust.
The centaur warrior wields a +0 orcbow.
The centaur warrior shoots an arrow.
The arrow hits you!
You die...
Your body crumbles into a pile of gold.

#..'..#..'..#..'..'..#...#
#..#####'#####'#__####)..+
#).####..#...#.####)?#####
#..#__####.)##.#~~§.§#
#..#_____##'#_.+§§~c§+
#⌠⌠#_.∩...'..._#§§~c§#
##.#_..__##_.#'##'###
#..#_____###'#.#(...###
############@####'###.##
#∩........'.).'.c...')∩#
###''''####.(.##########
#.......####.###
#........#.#'#.#
#..#.....#.....#
#........#.))..#
#.....#..#######
#........#


You could see a centaur warrior.

Vanquished Creatures
  Sonja (D)
  A deep troll (D)
  8 shining eyes (D)
  2 kobold demonologists (D)
  5 glass eyes (D)
  A slime creature (D)
  Sigmund (D)
  A yak (D)
  An ogre (D)
  A jelly (D)
  Ijyb (D)
  A ballistomycete spore (D)
24 creatures vanquished.

Vanquished Creatures (others)
  A ballistomycete spore (D)
1 creature vanquished.

Grand Total: 25 creatures vanquished

Notes
Turn   | Place    | Note
-------+----------+-------------------------------------------
     0 | D        | Heoruswealwe the Spriggan Artificer began the quest for the
                  | Orb.
     0 | D        | Reached XP level 1. HP: 9/9 MP: 2/2
     1 | D        | Noticed Ijyb
    12 | D        | Killed Ijyb
    13 | D        | Reached skill level 9 in Stealth
    13 | D        | Reached XP level 2. HP: 10/14 MP: 3/3
    33 | D        | Noticed an ogre
    40 | D        | Killed an ogre
    41 | D        | Reached skill level 14 in Stealth
    41 | D        | Reached XP level 3. HP: 17/17 MP: 4/4
    41 | D        | Reached XP level 4. HP: 21/21 MP: 5/5
    52 | D        | Noticed Sigmund
    55 | D        | Killed Sigmund
    56 | D        | Reached skill level 18 in Stealth
    56 | D        | Reached XP level 5. HP: 25/25 MP: 6/6
    56 | D        | Reached XP level 6. HP: 29/29 MP: 7/7
    78 | D        | Found an ornate altar of the Wu Jian Council.
    78 | D        | Found a shimmering blue altar of Sif Muna.
    80 | D        | Found a radiant altar of Vehumet.
    85 | D        | Reached skill level 19 in Stealth
   116 | D        | Found Rutt's Antique Weapon Emporium.
   116 | D        | Found an ancient bone altar of Kikubaaqudgha.
   116 | D        | Found a hazy altar of Hepliaklqana.
   116 | D        | Found a stormy altar of Qazlal.
   116 | D        | Found a hide-covered altar of Uskayaw.
   116 | D        | Found a blossoming altar of Fedhas.
   116 | D        | Found a bloodstained altar of Trog.
   116 | D        | Found an iron altar of Okawaru.
   116 | D        | Found a basalt altar of Yredelemnul.
   116 | D        | Found a glowing golden altar of the Shining One.
   116 | D        | Found a snail-covered altar of Cheibriados.
   116 | D        | Found a sacrificial altar of Ru.
   116 | D        | Found a glowing silver altar of Zin.
   116 | D        | Found a shadowy altar of Dithmenos.
   116 | D        | Found a white marble altar of Elyvilon.
   116 | D        | Noticed a yak
   117 | D        | Found an opulent altar of Gozag.
   141 | D        | Killed a yak
   142 | D        | Reached skill level 21 in Stealth
   159 | D        | Found a sparkling altar of Nemelex Xobeh.
   164 | D        | Became a worshipper of Zin the Law-Giver
   164 | D        | Reached * piety under Zin
   164 | D        | Reached ** piety under Zin
   164 | D        | Reached *** piety under Zin
   164 | D        | Reached **** piety under Zin
   164 | D        | Reached ***** piety under Zin
   164 | D        | Reached ****** piety under Zin
   167 | D        | Bought an ancient dagger for 161 gold pieces
   167 | D        | Identified the +4 dagger of Yxitrata {heavy, rElec rPois
                  | Will++ Stlth-} (You bought it in a shop in the Dungeon)
   178 | D        | Noticed Sonja
   182 | D        | Killed Sonja
   183 | D        | Reached skill level 25 in Stealth
   183 | D        | Reached XP level 7. HP: 32/32 MP: 8/8
   183 | D        | Reached XP level 8. HP: 37/37 MP: 9/9
   200 | D        | Found Desadiso's Book Boutique.
   213 | D        | Noticed a glass eye
   213 | D        | Noticed a shining eye
   213 | D        | Noticed a shining eye
   213 | D        | Noticed a glass eye
   213 | D        | Noticed a shining eye
   213 | D        | Noticed a shining eye
   213 | D        | Noticed a glass eye
   213 | D        | Noticed a shining eye
   213 | D        | Noticed a shining eye
   214 | D        | Noticed a glass eye
   215 | D        | Noticed a shining eye
   215 | D        | Noticed a shining eye
   216 | D        | Killed a glass eye
   219 | D        | Killed a shining eye
   220 | D        | Reached skill level 27 in Stealth
   220 | D        | Reached skill level 1 in Fighting
   220 | D        | Reached skill level 1 in Short Blades
   220 | D        | Reached skill level 1 in Shapeshifting
   223 | D        | Killed a shining eye
   224 | D        | Reached skill level 5 in Dodging
   226 | D        | Killed a shining eye
   227 | D        | Reached skill level 5 in Shapeshifting
   227 | D        | Reached XP level 9. HP: 45/45 MP: 10/10
   231 | D        | Reached skill level 5 in Short Blades
   235 | D        | Killed a shining eye
   282 | D        | Reached skill level 5 in Fighting
   302 | D        | Killed a shining eye
   327 | D        | Killed a shining eye
   328 | D        | Reached XP level 10. HP: 53/53 MP: 11/11
   342 | D        | Killed a shining eye
   343 | D        | Reached skill level 10 in Dodging
   360 | D        | Killed a shining eye
   380 | D        | Fell from the grace of Zin
   380 | D        | Became a worshipper of Gozag Ym Sagoz the Greedy
   401 | D        | Found Joifrek's Book Shoppe.
   401 | D        | Found Xiuchar's Antique Armour Shop.
   401 | D        | Found Udaipuuq's Assorted Antiques.
   401 | D        | Found Mablirch's Magic Scroll Boutique.
   407 | D        | Bought a glowing silvery potion for 20 gold pieces
   407 | D        | Bought a lumpy green potion for 20 gold pieces
   407 | D        | Bought a sharpened bone wand for 92 gold pieces
   523 | D        | Noticed a deep troll
   556 | D        | Killed a deep troll
   565 | D        | Bought a scroll of blinking for 172 gold pieces
   572 | D        | Bought a scroll of revelation for 75 gold pieces
   572 | D        | Bought a scroll of brand weapon for 95 gold pieces
   601 | D        | Found Eboovopn's Armour Emporium.
   676 | D        | Found a burning altar of Makhleb.
   676 | D        | Found a viscous altar of Jiyva.
   676 | D        | Found a shimmering altar of Xom.
   676 | D        | Found a corrupted altar of Lugonu.
   680 | D        | Reached skill level 10 in Shapeshifting
   751 | D        | Noticed a centaur warrior
   752 | D        | Noticed a centaur warrior
   775 | D        | Shot with an arrow by a centaur warrior

Illustrated notes

Levels and vault maps discovered:
D:        dungeon_sprint_1 [red_sonja_temple_1, red_sonja_temple_small_1]

Skill      XL: |  1  2  3  4  5  6  7  8  9 10 |
---------------+-------------------------------+-----
Stealth        | 9 14 18 25 27 | 27.0
Fighting       | 3 5 7 |  7.4
Short Blades   | 4 7 9 |  9.6
Shapeshifting  | 5 8 10 | 10.5
Dodging        | 6 9 11 | 11.9
Evocations     | |  4.0

Action                     |  1- 3 |  4- 6 |  7- 9 | 10-12 || total
---------------------------+-------+-------+-------+-------++-------
  Melee: Dagger            |     2 |     3 |    88 |    62 ||   155
         Punch             |       |       |     2 |     2 ||     4
  Evoke: Wand              |     4 |     7 |       |    13 ||    24
    Use: Potion            |       |       |       |     2 ||     2
         Scroll            |       |       |       |     1 ||     1
   Stab: Sleeping          |     1 |     3 |     6 |     4 ||    14
 Armour: Robe              |     1 |       |       |    17 ||    18
  Dodge: Dodged            |     2 |     2 |       |    22 ||    26
